Map: 永恒梦境-天梯版

Players

重庆陈冠希 - Winner!

  • Race: Terran Terran
  • League: Master

武运昌盛的引号

  • Race: Terran Terran
  • League: Grandmaster

VOD

Have the link to the VOD?

Description

Time

  • Played on: Aug. 1, 2020, 6:06 a.m.
  • Length: 11:09
Show
View Real Time Build Order
Export as new Build Order

重庆陈冠希 Terran - Winner!

Build Orders:  

Get SALT Encoding   

  12  0:00  SCV  
  13  0:12  SCV  
  14  0:17  Supply Depot  
  14  0:24  SCV  
  15  0:38  SCV  
  15  0:40  Barracks  
  16  0:44  Refinery  
  16  0:50  SCV  
  17  1:03  SCV  
  18  1:15  SCV  
  19  1:27  Barracks Tech Lab  
  19  1:28  Orbital Command  
  19  1:39  Command Center  
  19  1:46  Marauder  
  21  1:49  Concussive Shells  
  21  1:57  Supply Depot  
  21  1:59  SCV  
  22  2:06  Refinery  
  22  2:15  SCV  
  23  2:18  Marauder  
  25  2:23  Barracks  
  25  2:28  SCV  
  26  2:35  Factory  
  26  2:40  SCV  
  28  2:52  Orbital Command  
  28  2:56  Marauder  
  28  2:57  SCV  
  30  3:00  Stimpack  
  30  3:15  Barracks Reactor  
  30  3:18  SCV  
  30  3:19  SCV  
  32  3:24  Starport  
  32  3:28  Barracks, Marine  
  32  3:32  Factory Reactor  
  33  3:35  SCV x2  
  35  3:45  Supply Depot, Marine  
  35  3:47  SCV  
  37  3:49  SCV  
  38  3:56  Marine  
  38  3:59  SCV, Marine  
  38  4:01  SCV  
  42  4:03  Marine  
  42  4:06  Supply Depot  
  43  4:11  SCV  
  43  4:14  Marine, SCV, Medivac x2  
  43  4:16  Marine  
  51  4:17  Marine  
  51  4:20  Supply Depot  
  51  4:23  SCV  
  53  4:26  SCV  
  53  4:27  Marine  
  55  4:31  Marine  
  55  4:35  SCV, Marine  
  55  4:38  Marine, SCV  
  59  4:44  Supply Depot  
  59  4:45  Marine  
  60  4:47  SCV  
  60  4:48  Supply Depot, Combat Shield  
  60  4:49  Marine  
  63  4:53  Starport Reactor  
  63  4:56  Marine  
  64  5:02  Command Center  
  64  5:04  SCV x2  
  66  5:08  Refinery  
  66  5:10  Refinery  
  66  5:16  SCV  
  66  5:17  Marine x3  
  66  5:18  Marine x2  
  66  5:20  Factory Tech Lab  
  72  5:25  SCV  
  72  5:28  SCV  
  73  5:30  Engineering Bay  
  73  5:33  Engineering Bay  
  73  5:37  SCV  
  73  5:40  SCV  
  64  5:43  Marine x4  
  64  5:44  Marine  
  64  5:49  SCV  
  70  5:52  SCV  
  70  5:53  Siege Tank  
  74  6:00  Marine  
  74  6:01  Terran Infantry Weapons Level 1, Marine  
  74  6:02  SCV, Terran Infantry Armor Level 1  
  77  6:04  SCV  
  77  6:09  Barracks  
  78  6:12  Barracks, Starport Reactor  
  78  6:14  SCV  
  78  6:16  SCV  
  80  6:22  Barracks Reactor  
  80  6:26  SCV  
  80  6:28  SCV  
  80  6:29  Orbital Command  
  80  6:31  Marine  
  83  6:33  Supply Depot  
  83  6:36  Siege Tank, Supply Depot  
  83  6:38  SCV  
  87  6:43  SCV  
  87  6:44  Marine x3  
  87  6:45  Supply Depot  
  91  6:49  Armory, Marine  
  91  6:50  SCV  
  93  6:55  SCV  
  93  6:58  SCV  
  95  7:01  Marine  
  95  7:02  SCV, Marine  
  95  7:04  Marine x5  
  95  7:05  Marine  
  95  7:07  SCV  
  105  7:09  Supply Depot  
  105  7:10  Refinery, SCV  
  105  7:11  Siege Tank  
  105  7:14  SCV  
  110  7:19  Marine  
  110  7:20  Marine x2  
  110  7:21  SCV  
  110  7:22  SCV, Marine x5  
  120  7:26  SCV, Refinery  
  121  7:34  Marine  
  122  7:37  Marine x3  
  122  7:39  Marine  
  122  7:40  Marine x3, Medivac x2  
  122  7:41  Marine  
  133  7:49  SCV  
  133  7:51  Supply Depot, Marine  
  134  7:53  Supply Depot x2  
  134  7:54  Supply Depot  
  134  7:55  Marine x3  
  134  7:56  Terran Infantry Weapons Level 2  
  134  7:57  Terran Infantry Armor Level 2  
  138  8:02  Marine  
  138  8:03  Marine x2  
  141  8:07  Marine  
  141  8:12  Siege Tank, Marine x2  
  146  8:17  Factory  
  145  8:21  Marine x6  
  145  8:25  Marine  
  135  8:30  Marine x2  
  111  8:39  Marine x3  
  111  8:40  Marine x3  
  104  8:42  Medivac  
  104  8:43  Marine  
  104  8:44  Medivac  
  104  8:47  Marine x2  
  111  8:57  SCV, Marine x3  
  111  8:58  Marine x3, Sensor Tower  
  111  9:01  Marine  
  119  9:04  Siege Tank  
  119  9:05  Siege Tank, Marine  
  119  9:07  Terran Vehicle Weapons Level 1, Barracks Reactor  
  126  9:15  Marine x4  
  126  9:16  Marine x2  
  132  9:18  Marine  
  132  9:23  Marine  
  134  9:24  Supply Depot, Viking  
  134  9:28  Viking  
  134  9:29  Supply Depot, SCV x2  
  140  9:32  Marine  
  140  9:33  Marine x3  
  140  9:36  Siege Tank, Supply Depot  
  140  9:37  Siege Tank  
  137  9:46  Marine  
  123  9:53  Marine  
  123  9:54  Marine x8  
  123  9:55  SCV  
  123  9:56  SCV  
  134  10:00  Command Center  
  134  10:04  Marine  
  135  10:09  Siege Tank  
  135  10:11  Marine x9  
  135  10:12  Siege Tank  
  150  10:14  Supply Depot  
  150  10:21  Marine  
  150  10:22  Supply Depot  
  150  10:26  SCV x3  
  154  10:29  Marine x2  
  154  10:33  Marine x3  
  154  10:34  Supply Depot, Marine, Sensor Tower  
  160  10:38  Marine x3  
  160  10:39  Marine  
Show
View Real Time Build Order
Export as new Build Order

武运昌盛的引号 Terran 

Build Orders:  

Get SALT Encoding   

  12  0:00  SCV  
  13  0:12  SCV  
  14  0:20  Supply Depot  
  14  0:24  SCV  
  14  0:27  Refinery  
  15  0:41  SCV  
  16  0:48  Barracks  
  16  0:53  SCV  
  17  1:00  Refinery  
  17  1:05  SCV  
  18  1:17  SCV  
  19  1:35  Orbital Command, Reaper  
  19  1:38  Factory  
  20  1:45  Supply Depot  
  20  2:01  SCV  
  20  2:08  Reaper  
  22  2:13  SCV  
  25  2:22  Hellion  
  25  2:25  SCV  
  26  2:32  Command Center  
  26  2:38  SCV  
  26  2:41  Barracks Reactor  
  27  2:46  Starport  
  27  2:49  Factory Tech Lab  
  27  2:52  SCV  
  28  3:04  SCV  
  29  3:07  Supply Depot  
  29  3:12  Cyclone  
  31  3:22  Bunker  
  31  3:28  Marine x2  
  31  3:31  Starport Tech Lab  
  31  3:33  SCV  
  34  3:39  Barracks  
  34  3:47  Orbital Command  
  34  3:50  Raven  
  36  3:55  Siege Tank  
  36  3:59  SCV  
  40  4:04  Marine  
  40  4:05  Marine  
  42  4:10  Supply Depot  
  42  4:11  SCV  
  42  4:13  SCV  
  44  4:24  Marine x2  
  44  4:28  Siege Tank  
  49  4:32  SCV x2  
  52  4:42  Marine  
  53  4:48  Refinery  
  53  4:51  SCV  
  53  4:52  SCV  
  52  4:54  Marine  
  52  4:59  Supply Depot  
  53  5:00  Marine x2, Medivac  
  53  5:06  SCV x2  
  59  5:15  Barracks  
  59  5:18  SCV x2  
  59  5:25  Marine x2  
  59  5:26  Siege Tank, Marine  
  62  5:43  SCV x2, Marine x2  
  62  5:44  Starport Reactor  
  62  5:46  Barracks Tech Lab  
  66  5:52  Refinery  
  66  5:53  Command Center  
  66  5:55  SCV x2  
  68  6:05  Marine x2, Engineering Bay  
  68  6:06  Stimpack, Factory Tech Lab  
  68  6:08  Barracks Reactor  
  70  6:14  Supply Depot  
  70  6:15  Supply Depot  
  70  6:20  Marine  
  70  6:21  SCV x2  
  70  6:25  Medivac x2  
  77  6:33  SCV  
  77  6:36  Terran Infantry Weapons Level 1, Siege Tank, SCV  
  77  6:39  Marine x3  
  85  6:45  SCV  
  85  6:46  Marine x2  
  88  6:48  SCV  
  88  6:52  Supply Depot  
  88  6:53  Supply Depot  
  89  6:57  SCV, Marine x3  
  93  7:04  Medivac x2  
  93  7:06  Orbital Command, Engineering Bay  
  97  7:13  Marine x2  
  97  7:14  Marine x3  
  102  7:24  Siege Tank  
  102  7:28  Supply Depot  
  102  7:29  Armory  
  102  7:37  Marine  
  102  7:38  Marine x4  
  102  7:42  Medivac x2  
  111  7:53  Combat Shield  
  111  7:55  Marine x2  
  111  7:56  Marine x2  
  102  8:29  Marine x4  
  102  8:30  Siege Tank, Marine  
  102  8:31  Medivac x2  
  96  8:47  Marine x5  
  101  8:49  Barracks  
  101  8:50  Terran Infantry Weapons Level 2  
  101  8:51  Command Center, Terran Infantry Armor Level 1  
  101  8:52  Barracks  
  101  8:53  Terran Vehicle Weapons Level 1  
  101  9:05  Marine  
  101  9:09  Marine x4  
  106  9:10  Siege Tank  
  109  9:28  Marine x5  
  109  9:29  Medivac x2  
  118  9:42  Siege Tank  
  118  9:44  Marine  
  118  9:45  Marine  
  101  9:46  Marine x5  
  91  9:56  SCV x2  
  93  10:02  Marine x2  
  93  10:04  Marine x4  
  99  10:09  Marine  
  100  10:20  Marine x2  
  102  10:21  Marine x2  
  102  10:22  Marine x2  
  102  10:27  Marine  
  107  10:34  Siege Tank, Medivac  
  112  10:38  Marine x2  
  112  10:39  Marine x4  
  108  10:53  SCV x2  
Tags
 
Add a new tag
Caveats
  • Supply blocks, unpowered buildings, or Contaminate may cause inaccurate times.
  • Supply counts are checked every 10 seconds.